 Dungeon Crawl Stone Soup version 0.24.1-14-gf8d2b509d9 (webtiles) character file.

Game seed: 7412526370387980342, levelgen mode: deterministic

73798 Blejac999 the Fencer (level 15, -3/139 HPs)
             Began as a Minotaur Berserker on May 31, 2020.
             Was a High Priest of Trog.
             Slain by a hornet (6 damage)
             ... created by a shambling mangrove
             ... on level 1 of the Swamp.
             The game lasted 01:02:37 (18076 turns).

Blejac999 the Fencer (Minotaur Berserker)          Turns: 18076, Time: 01:02:38

Health: -3/139     AC: 13    Str: 28    XL:     15   Next: 5%
Magic:  13/13      EV: 14    Int:  2    God:    Trog [*****.]
Gold:   1080       SH: 11    Dex: 10    Spells: 14/14 levels left

rFire    . . .     SeeInvis +   a - +2 scimitar (flame)
rCold    . . .     Gourm    .   O - +1 shield {reflect}
rNeg     . . .     Faith    .   y - +2 robe {MR+}
rPois    .         Spirit   .   v - +2 hat
rElec    .         Reflect  +   Q - +0 cloak {MR+}
rCorr    .         Harm     .   B - +1 pair of gloves
MR       +++++     Rnd*Rage +   (no boots)
Stlth    +++++.....             (no amulet)
HPRegen  1.73/turn              k - ring of protection from magic
MPRegen  0.13/turn              D - ring of see invisible

@: lethally poisoned (-3 -> -3), grasped by roots, regenerating, slowed,
constricted, studying Stealth, very slow
A: retaliatory headbutt, horns 2, repulsion field 1, iridescent scales 1, molten
scales 1, berserk 1, dopey 1, low mp 1, magic resistance 1, regeneration 1
a: Berserk, Trog's Hand, Brothers in Arms, Renounce Religion


You were on level 1 of the Swamp.
You worshipped Trog.
Trog was extremely pleased with you.
You were hungry.

You visited 4 branches of the dungeon, and saw 17 of its levels.
You also visited: Ossuary.

You collected 1080 gold pieces.

Inventory:

Hand Weapons
 a - a +2 scimitar of flaming (weapon)
 b - a +1 antimagic great sword
 c - a +2 falchion of holy wrath
 d - the +8 whip "Snakebite" {curare, rPois}
   (You found it on level 3 of the Lair of Beasts)

   It poisons the flesh of those it strikes.
   It protects you from poison.
 f - the +2 long sword "Cyrer" {speed, rF+ rN+}
   (You found it on level 5 of the Dungeon)

   Attacks with this weapon are significantly faster.
   It protects you from fire.
   It protects you from negative energy.
 p - a +4 antimagic long sword
 L - a +2 antimagic triple sword
Armour
 v - a +2 hat (worn)
 y - a +2 robe of magic resistance (worn)
 B - a +1 pair of gloves (worn)
 O - a +1 shield of reflection (worn)
 Q - a +0 cloak of magic resistance (worn)
Jewellery
 j - a cursed ring of protection from fire {unknown}
 k - a ring of protection from magic (left hand)
 q - an uncursed ring of ice
 s - an uncursed ring of wizardry
 z - an uncursed amulet of guardian spirit {unknown}
 D - a ring of see invisible (right hand)
Wands
 w - a wand of paralysis (19)
 C - a wand of digging (11)
 H - a wand of iceblast (16)
 I - a wand of random effects (9)
Scrolls
 g - 7 scrolls of remove curse
 h - 19 scrolls of identify
 i - a scroll of enchant weapon
 t - 4 scrolls of magic mapping
 u - 2 scrolls of torment
 J - a scroll of silence
 K - 2 scrolls of teleportation
 M - a scroll of blinking
Potions
 e - 4 potions of curing
 l - a potion of resistance
 m - a potion of cancellation
 n - 7 potions of flight
 o - 2 potions of lignification
 E - a potion of agility
 F - 3 potions of might
 P - a potion of brilliance
Books
 r - a manual of Stealth
Miscellaneous
 G - a lamp of fire
Comestibles
 x - 26 rations
 A - 4 chunks of flesh


   Skills:
 + Level 14.8 Fighting
 - Level 17.1 Long Blades
 * Level 9.8 Maces & Flails
 + Level 7.2 Throwing
 + Level 3.1 Armour
 + Level 12.5 Dodging
 + Level 12.0 Stealth
 + Level 3.7 Shields
 + Level 1.6 Evocations


You had 14 spell levels left.
You didn't know any spells.
Your spell library contained the following spells:

 Spells                   Type           Power        Failure   Level  Hunger
 Animate Skeleton         Necr           N/A          95%         1    ##.....
 Confusing Touch          Hex            #.....       95%         1    ##.....
 Flame Tongue             Conj/Fire      #....        95%         1    ##.....
 Pain                     Necr           #...         95%         1    ##.....
 Throw Flame              Conj/Fire      #.....       99%         2    ###....
 Confuse                  Hex            #.......     100%        3    ####...
 Conjure Flame            Conj/Fire      #.......     100%        3    ####...
 Gell's Gravitas          Tloc           #.........   100%        3    ####...
 Inner Flame              Hex/Fire       #.......     100%        3    ####...
 Regeneration             Chrm/Necr      #.........   100%        3    ####...
 Vampiric Draining        Necr           #.........   100%        3    ####...
 Animate Dead             Necr           N/A          100%        4    #####..
 Petrify                  Tmut/Erth      #.......     100%        4    #####..
 Sticky Flame             Conj/Fire      #.......     100%        4    #####..
 Bolt of Magma            Conj/Fire/Erth #.........   100%        5    ######.
 Fireball                 Conj/Fire      #.........   100%        5    ######.
 Iskenderun's Battlesphe  Conj/Chrm      #.......     100%        5    ######.
 Metabolic Englaciation   Hex/Ice        #.........   100%        5    ######.
 Venom Bolt               Conj/Pois      #.........   100%        5    ######.
 Yara's Violent Unravell  Hex/Tmut       #.........   100%        5    ######.
 Iron Shot                Conj/Erth      #.........   100%        6    #######
 Orb of Destruction       Conj           #.........   100%        7    #######
 Spellforged Servitor     Conj/Summ      #.........   100%        7    #######


Dungeon Overview and Level Annotations

Branches:
Dungeon (8/15)             Temple (0/1) D:6            Lair (6/6) D:8
  Swamp (1/4) Lair:4        Snake (2/4) Lair:2        Slime (0/5) Lair:5
Ossuary (visited)

Altars:
Cheibriados
Elyvilon
Fedhas
Wu Jian
Zin
Jiyva

Shops:
D:6 [

Annotations:
Lair:1 exclusion: 3 oklob plants
Lair:2 exclusion: oklob plant
Swamp:1 Kirke
Snake:2 Aizul


Innate Abilities, Weirdness & Mutations

You reflexively headbutt those who attack you in melee.
You have a pair of horns on your head.
You are surrounded by a mild repulsion field. (EV +2)
You are partially covered in iridescent scales. (AC +2)
You are partially covered in molten scales. (AC +2)
You tend to lose your temper in combat.
You are dopey. (Int -2)
Your magical capacity is low. (-10% MP)
You are resistant to hostile enchantments. (MR+)
Your natural rate of healing is unusually fast.


Message History

The hornet stings you.
* * * LOW HITPOINT WARNING * * *
You feel as though you will be slow longer.
The hornet stings you but does no damage.
You can move again.
Your skin crawls.
You feel resistant to hostile enchantments.
You are feeling hungry.
You feel sick. The hornet stings you.
* * * LOW HITPOINT WARNING * * *
You feel as though you will be slow longer.
You block the hornet's attack.
The hornet stings you but does no damage.
The hornet stings you.
* * * LOW HITPOINT WARNING * * *
You feel as though you will be slow longer.
The shambling mangrove closely misses you.
* * * LOW HITPOINT WARNING * * *
The grasping roots constrict you! The hornet stings you.
You die...

§§...≈≈≈≈.♣......
≈≈≈^...≈≈≈..≈≈≈≈≈.
≈≈≈≈....≈..≈≈≈≈≈≈≈.
≈≈≈≈.≈♣≈≈†..≈≈≈≈≈≈.≈≈≈
≈≈≈..♣≈♣♣..>.≈≈≈≈≈..≈≈
≈≈≈.≈≈≈......≈≈≈≈≈..≈≈
≈≈≈≈.≈.§...≈≈≈≈≈≈≈..≈≈
≈≈≈...)≈yyy≈≈≈≈≈≈...≈≈
≈♣≈...@f≈≈≈≈≈.../..
♣♣♣♣.♣♣.≈≈≈..≈≈≈.≈
♣♣♣♣♣....≈≈≈..≈
♣.....≈≈≈.≈.
♣.....≈≈≈≈...
≈≈...≈♣..≈f≈...
..≈...♣♣♣.≈≈..≈.
≈.....≈ ...≈≈♣.
≈≈..... ..♣♣♣♣


You could see a shambling mangrove and 3 hornets.

Vanquished Creatures
  Nikola (Swamp:1)
  A nagaraja (Snake:2)
  2 fire dragons
  11 hydras
  A naga warrior (Snake:2)
  A ghost crab (Swamp:1)
  Erica (D:8)
  4 anacondas
  An alligator (Swamp:1)
  2 shock serpents
  Nergalle (Lair:1)
  2 naga sharpshooters
  A naga ritualist (Snake:2)
  A lindwurm (Lair:6)
  5 mana vipers
  4 elephants (Lair:6)
  3 salamanders (Snake:1)
  28 black mambas
  Joseph (D:7)
  2 torpor snails
  3 molten gargoyles (Lair:6)
  12 spiny frogs
  A naga mage (Snake:1)
  16 rime drakes
  13 komodo dragons
  2 tyrant leeches
  A hornet (Swamp:1)
  A bog body (Swamp:1)
  3 polar bears (Lair:6)
  12 blink frogs
  5 hippogriffs
  29 yaks
  A spriggan (Swamp:1)
  4 wyverns (Lair:6)
  5 basilisks
  2 hogs (Swamp:1)
  5 steam dragons (Lair:4)
  8 vampire mosquitoes (Swamp:1)
  9 nagas
  8 swamp worms
  Duvessa (D:7)
  6 porcupines
  37 water moccasins
  4 hell hounds (Lair:6)
  6 ice beasts
  An ogre (D:8)
  4 phantoms
  5 wolves (Lair:3)
  A black bear (D:8)
  2 centaurs (D:6)
  13 crocodiles
  A big kobold (D:7)
  19 bullfrogs
  Dowan (D:7)
  4 scorpions
  3 wights (D:7)
  A howler monkey (D:7)
  An electric eel (Lair:6)
  4 crimson imps
  4 lava snakes (Lair:6)
  3 hounds
  2 human zombies
  A bullfrog skeleton (D:7)
  3 orc priests
  2 iguanas
  4 orc wizards
  4 worker ants
  A big kobold zombie (Ossuary)
  A hound skeleton (D:5)
  5 mummies (Ossuary)
  3 gnolls
  A howler monkey skeleton (D:5)
  22 adders
  An ooze (D:1)
  A worm zombie (D:4)
  2 adder skeletons
  An adder zombie (D:4)
  A worm (D:3)
  2 dart slugs (D:4)
  3 leopard geckos
  31 orcs
  10 giant cockroaches
  A gnoll zombie (Ossuary)
  A hobgoblin (D:3)
  6 jackals
  11 kobolds
  4 quokkas
  3 ball pythons
  4 bats
  7 frilled lizards
  6 goblins
  4 goblin zombies (Ossuary)
  A hobgoblin zombie (Ossuary)
  A leopard gecko skeleton (D:5)
  A leopard gecko zombie (D:5)
  A quokka skeleton (D:6)
  9 rats
  A plant (Lair:6)
496 creatures vanquished.

Vanquished Creatures (collateral kills)
  A hydra (Swamp:1)
  A spriggan (Swamp:1)
  A hornet (Swamp:1)
3 creatures vanquished.

Vanquished Creatures (others)
  A bat (D:3)
  A jackal skeleton (D:3)
  10 fungi
  8 plants (Lair:6)
20 creatures vanquished.

Grand Total: 519 creatures vanquished

Notes
Turn   | Place    | Note
-------+----------+-------------------------------------------
     0 | D:1      | Blejac999 the Minotaur Berserker began the quest for the
                  | Orb.
     0 | D:1      | Reached XP level 1. HP: 19/19 MP: 0/0
   154 | D:1      | Gained mutation: You are resistant to hostile enchantments.
                  | (MR+) [potion of mutation]
   154 | D:1      | Gained mutation: You expend magic power (3 MP) to
                  | strengthen your wands. [potion of mutation]
   154 | D:1      | Gained mutation: You are partially covered in large bone
                  | plates. (SH +4) [potion of mutation]
   166 | D:1      | Reached XP level 2. HP: 27/27 MP: 1/1
   167 | D:1      | Reached skill level 4 in Long Blades
   542 | D:2      | Reached XP level 3. HP: 27/34 MP: 2/2
   915 | D:2      | Reached ** piety under Trog
   985 | D:2      | Found a faded altar of an unknown god.
  1389 | D:3      | Reached XP level 4. HP: 31/41 MP: 3/3
  1598 | D:3      | Reached skill level 5 in Long Blades
  1644 | D:3      | Reached skill level 5 in Fighting
  1644 | D:3      | Reached XP level 5. HP: 48/48 MP: 4/4
  1905 | D:3      | You fall into a shaft and drop 2 floors!
  1905 | D:5      | Entered Level 5 of the Dungeon
  2054 | D:5      | Noticed an ice beast
  2060 | D:5      | Killed an ice beast
  2060 | D:5      | Reached skill level 6 in Long Blades
  2060 | D:5      | Reached skill level 1 in Stealth
  2060 | D:5      | Reached XP level 6. HP: 44/56 MP: 5/5
  2499 | D:4      | Found a sand-covered staircase.
  2511 | D:4      | Reached *** piety under Trog
  2511 | D:4      | Reached XP level 7. HP: 56/62 MP: 6/6
  2645 | Ossuary  | Entered an ossuary
  2739 | Ossuary  | Reached skill level 7 in Long Blades
  2977 | Ossuary  | Lost mutation: You are partially covered in large bone
                  | plates. (SH +4) [potion of mutation]
  2977 | Ossuary  | Lost mutation: You are resistant to hostile enchantments.
                  | (MR+) [potion of mutation]
  2977 | Ossuary  | Gained mutation: Your natural rate of healing is unusually
                  | fast. [potion of mutation]
  2977 | Ossuary  | Gained mutation: You are surrounded by a mild repulsion
                  | field. (EV +2) [potion of mutation]
  2977 | Ossuary  | Gained mutation: You are agile. (Dex +2) [potion of
                  | mutation]
  3497 | D:3      | You fall into a shaft and drop 2 floors!
  3632 | D:5      | Reached skill level 8 in Long Blades
  3754 | D:5      | Reached **** piety under Trog
  3754 | D:5      | Reached skill level 5 in Dodging
  3794 | D:5      | Got a smoking long sword
  3795 | D:5      | Identified the +2 long sword "Cyrer" {speed, rF+ rN+} (You
                  | found it on level 5 of the Dungeon)
  4269 | D:3      | Reached XP level 8. HP: 71/71 MP: 7/7
  4292 | D:3      | Found a glowing silver altar of Zin.
  4361 | D:3      | Found a snail-covered altar of Cheibriados.
  4366 | D:3      | Found an ornate altar of the Wu Jian Council.
  4553 | D:4      | Found a blossoming altar of Fedhas.
  4922 | D:4      | Reached skill level 9 in Long Blades
  5221 | D:6      | Found Imiu's Armour Shop.
  5459 | D:6      | Found a staircase to the Ecumenical Temple.
  5514 | D:6      | Reached skill level 10 in Long Blades
  5944 | D:7      | Reached XP level 9. HP: 80/80 MP: 8/8
  5961 | D:7      | Reached ***** piety under Trog
  6120 | D:7      | Noticed Dowan
  6122 | D:7      | Noticed Duvessa
  6139 | D:7      | Killed Duvessa
  6143 | D:7      | Killed Dowan
  6204 | D:7      | Reached skill level 11 in Long Blades
  6208 | D:7      | Noticed Joseph
  6226 | D:7      | Killed Joseph
  6601 | D:8      | Noticed Erica
  6612 | D:8      | Reached skill level 12 in Long Blades
  6703 | D:8      | Killed Erica
  6703 | D:8      | Reached skill level 5 in Stealth
  6703 | D:8      | Reached XP level 10. HP: 91/91 MP: 9/9
  7100 | D:8      | Found a staircase to the Lair.
  7118 | D:8      | Reached skill level 1 in Throwing
  7122 | D:8      | Found a white marble altar of Elyvilon.
  7484 | Lair:1   | Entered Level 1 of the Lair of Beasts
  7647 | Lair:1   | Noticed Nergalle
  7655 | Lair:1   | Killed Nergalle
  7655 | Lair:1   | Reached skill level 13 in Long Blades
  7712 | Lair:1   | Reached skill level 10 in Fighting
  7781 | Lair:1   | Noticed an oklob plant
  7854 | Lair:1   | Noticed a black mamba
  7864 | Lair:1   | Killed a black mamba
  7917 | Lair:1   | Received a gift from Trog
  7950 | Lair:1   | Noticed an oklob plant
  7978 | Lair:1   | Noticed an oklob plant
  8325 | Lair:2   | Reached XP level 11. HP: 87/101 MP: 10/10
  8571 | Lair:2   | Reached skill level 14 in Long Blades
  8584 | Lair:2   | HP: 4/101 [rime drake/flash freeze (31)]
  8755 | Lair:2   | Noticed a six-headed hydra
  8765 | Lair:2   | Killed a three-headed hydra
  8819 | Lair:2   | Found a staircase to the Snake Pit.
  9020 | Lair:2   | Lost mutation: You are agile. (Dex +2) [potion of mutation]
  9020 | Lair:2   | Gained mutation: You are partially covered in molten
                  | scales. (AC +2) [potion of mutation]
  9020 | Lair:2   | Gained mutation: You are resistant to hostile enchantments.
                  | (MR+) [potion of mutation]
  9020 | Lair:2   | Gained mutation: You have sharp toenails. [potion of
                  | mutation]
  9020 | Lair:2   | Gained mutation: You evolve. [potion of mutation]
  9021 | Lair:2   | Lost mutation: You expend magic power (3 MP) to strengthen
                  | your wands. [potion of mutation]
  9021 | Lair:2   | Lost mutation: You evolve. [potion of mutation]
  9021 | Lair:2   | Lost mutation: You have sharp toenails. [potion of
                  | mutation]
  9021 | Lair:2   | Gained mutation: You are dopey. (Int -2) [potion of
                  | mutation]
  9021 | Lair:2   | Gained mutation: Your magical capacity is low. (-10% MP)
                  | [potion of mutation]
  9021 | Lair:2   | Gained mutation: You tend to lose your temper in combat.
                  | [potion of mutation]
  9021 | Lair:2   | Gained mutation: You are partially covered in iridescent
                  | scales. (AC +2) [potion of mutation]
  9032 | Lair:2   | Noticed an oklob plant
  9509 | Lair:3   | Noticed a five-headed hydra
  9521 | Lair:3   | Killed a one-headed hydra
  9720 | Lair:3   | Noticed a six-headed hydra
  9729 | Lair:3   | Killed a four-headed hydra
  9800 | Lair:3   | Noticed a five-headed hydra
  9811 | Lair:3   | Killed a two-headed hydra
  9855 | Lair:2   | Reached XP level 12. HP: 112/112 MP: 9/9
  9858 | Lair:2   | Received a gift from Trog
 10115 | Lair:3   | Found the +8 whip "Snakebite" {curare, rPois}
 10313 | Lair:3   | Reached skill level 15 in Long Blades
 10922 | Lair:4   | Reached skill level 1 in Maces & Flails
 11223 | Lair:4   | Reached skill level 5 in Throwing
 11237 | Lair:4   | Reached skill level 10 in Dodging
 11485 | Lair:4   | Noticed a fire dragon
 11507 | Lair:4   | Killed a fire dragon
 11651 | Lair:4   | Reached ****** piety under Trog
 11691 | Lair:4   | Found a staircase to the Swamp.
 11696 | Lair:4   | Received a gift from Trog
 11702 | Lair:4   | Reached skill level 10 in Stealth
 11762 | Lair:4   | Reached XP level 13. HP: 119/119 MP: 3/10
 12694 | Lair:5   | Found a viscous altar of Jiyva.
 12695 | Lair:5   | Found a staircase to the Slime Pits.
 13184 | Lair:6   | Entered Level 6 of the Lair of Beasts
 13368 | Lair:6   | Reached skill level 16 in Long Blades
 13384 | Lair:6   | HP: 9/183 [blink frog (5)]
 13957 | Lair:6   | Received a gift from Trog
 14379 | Lair:6   | Reached XP level 14. HP: 46/132 MP: 4/12
 14462 | Lair:6   | Found a large runed translucent door.
 14605 | Lair:6   | Reached skill level 1 in Evocations
 14662 | Lair:6   | Reached skill level 17 in Long Blades
 14710 | Lair:6   | Found a large runed translucent door.
 15041 | Snake:1  | Entered Level 1 of the Snake Pit
 15192 | Snake:1  | You fall into a shaft and drop 1 floor!
 15344 | Snake:2  | Reached skill level 5 in Maces & Flails
 16000 | Snake:1  | Identified a scroll of acquirement
 16519 | Snake:2  | Noticed a nagaraja
 16542 | Snake:2  | Killed a nagaraja
 16544 | Snake:2  | Reached skill level 1 in Shields
 16980 | Snake:2  | Received a gift from Trog
 17239 | Snake:2  | Noticed Aizul
 17391 | Swamp:1  | Entered Level 1 of the Swamp
 17438 | Swamp:1  | Noticed Nikola
 17457 | Swamp:1  | Killed Nikola
 17542 | Swamp:1  | Received a gift from Trog
 17848 | Swamp:1  | Noticed Kirke
 17878 | Swamp:1  | Reached XP level 15. HP: 139/139 MP: 13/13
 18073 | Swamp:1  | Paralysed by a hornet for 2 turns
 18076 | Swamp:1  | HP: 3/139 [shambling mangrove (17)]
 18076 | Swamp:1  | Slain by a hornet

Levels and vault maps discovered:
D:1:      giann_bridges, layout_basic, hex_medium
D:2:      layout_basic, first_ration, chequers_ecumenical_altar_simple
D:3:      cheibrodos_old_hovel, layout_loops_ring, zin_treasury, minitemple,
          lemuel_old_faithful
D:4:      minmay_skewed_foursquare, layout_basic, enter_ossuary_3, st_stairs_4,
          fedhas_ov_isle_minmay
D:5:      layout_loops_ring
D:6:      layout_gridville, minmay_temple_entry_enclosed_plants, serial_shops,
          nicolae_shop_statue_plus, minmay_manual_mares
D:7:      layout_rooms, uniq_joseph, uniq_duvessa
D:8:      layout_loops_ring, kennysheep_little_box, due_lair_maze_entry_diamond,
          uniq_erica
Lair:1:   layout_roguey, disabler_island, lemuel_fruit_tree, uniq_nergalle
Lair:2:   layout_roguey, minmay_snake_entry_six_corridors, columned_hall_lemuel,
          minmay_lair_oklob_items, serial_bayou_pond_a
Lair:3:   minmay_guarded_unrand_snakebite, layout_chaotic_city,
          serial_bayou_shore_b
Lair:4:   layout_cave_pods, minmay_swamp_entry_worms, bobbens_dragon_lair_wall
Lair:5:   beast_lair_carwin_large_4, layout_hall_layers,
          dpeg_slime_entry_enclosed_altar
Lair:6:   cheibrodos_lair_end_hotspot, layout_regular_city, serial_bayou,
          serial_bayou_pond_a, serial_bayou_pond_a, serial_bayou_ford_a,
          serial_bayou_pond_b, serial_bayou_lagoon_a, st_stairs_10,
          cheibrodos_lair_lostbears
Swamp:1:  layout_basic_swamp, evilmike_swamp_ruin_rubble_2,
          infiniplex_staircase_pool, uniq_kirke, uniq_nikola
Snake:1:  layout_rooms, grunt_megastairs_2
Snake:2:  layout_misc_corridors, nrook_guardian_serpent_ordinary, uniq_aizul

Skill      XL: |  1  2  3  4  5  6  7  8  9 10 11 12 13 14 15 |
---------------+----------------------------------------------+-----
Long Blades    | 4 5 6 8 10 12 13 14 15 16 17 | 17.1
Fighting       | 4 5 6 7 9 10 12 14 | 14.8
Armour         | 3 |  3.1
Dodging        | 3 4 5 6 7 9 10 11 12 | 12.5
Stealth        | 1 2 5 7 9 10 11 12 | 12.0
Throwing       | 1 3 6 7 |  7.2
Maces & Flails | 4 9 |  9.8
Evocations     | 1 |  1.6
Shields        | 3 |  3.7

Action                   |  1- 3 |  4- 6 |  7- 9 | 10-12 | 13-15 || total
-------------------------+-------+-------+-------+-------+-------++-------
Melee: Falchion          |    65 |   102 |   122 |       |       ||   289
       Headbutt          |    10 |    22 |    57 |   107 |   138 ||   334
       Long sword        |       |       |   156 |   330 |    24 ||   510
       Scimitar          |       |       |       |    45 |   130 ||   175
       Whip              |       |       |       |    46 |   223 ||   269
       Great sword       |       |       |       |     5 |   173 ||   178
       Triple sword      |       |       |       |       |    55 ||    55
Throw: Throwing net      |       |       |     3 |     1 |       ||     4
       Boomerang         |       |       |       |    87 |    10 ||    97
Invok: Berserk           |       |     3 |    12 |     8 |     7 ||    30
       Trog's Hand       |       |       |       |     3 |     2 ||     5
       Brothers in Arms  |       |       |       |       |     1 ||     1
Evoke: Wand              |       |       |       |       |    24 ||    24
  Use: Scroll            |     4 |       |     9 |       |     3 ||    16
       Potion            |     3 |     1 |     8 |    11 |     7 ||    30
 Stab: Sleeping          |     1 |       |     7 |    12 |    19 ||    39
       Held in net/web   |       |       |     2 |     2 |       ||     4
       Distracted        |       |       |       |     2 |     4 ||     6
  Eat: Chunk             |     1 |     5 |    23 |    21 |    19 ||    69
       Ration            |       |       |     1 |     1 |     3 ||     5
Armor: Animal skin       |    10 |    14 |    11 |     1 |       ||    36
       Robe              |       |       |       |    69 |   121 ||   190
       Skin              |       |       |       |     4 |    32 ||    36
Dodge: Dodged            |    38 |    72 |   131 |   243 |   423 ||   907
Block: Other             |    18 |    24 |       |       |       ||    42
       Shield            |       |       |       |       |   106 ||   106
       Reflection        |       |       |       |       |     5 ||     5
       Rpst.: Falchion   |     8 |    21 |    13 |       |       ||    42
       Long sword        |       |       |    16 |    43 |     6 ||    65
       Scimitar          |       |       |       |    12 |    16 ||    28
       Great sword       |       |       |       |     3 |    47 ||    50
       Triple sword      |       |       |       |       |    11 ||    11
